[Event "ICC tourney 2086 (3 2)"]
[Site "Internet Chess Club"]
[Date "2020.10.30"]
[Round "1"]
[White "PearsonH"]
[Black "Sherlockm7"]
[Result "1-0"]
[ICCResult "Black resigns"]
[WhiteElo "1451"]
[BlackElo "1283"]
[Opening "Queen's pawn, Mason variation"]
[ECO "D00"]
[NIC "QP.08"]
[Time "20:02:59"]
[TimeControl "180+2"]

1. d4 d5 2. Bf4 e6 3. e3 Nf6 4. Nd2 Bd6 5. Bg3 Bxg3 6. hxg3 Nbd7 7. Bd3 c5
8. c3 b6 9. Ngf3 Bb7 10. Qe2 Qc8 11. e4 dxe4 12. Nxe4 cxd4 13. Nd6+
{Black resigns}
1-0

[Event "ICC tourney 2086 (3 2)"]
[Site "Internet Chess Club"]
[Date "2020.10.30"]
[Round "1"]
[White "saisiva765"]
[Black "atjn494"]
[Result "1-0"]
[ICCResult "Black resigns"]
[WhiteElo "1728"]
[BlackElo "1376"]
[Opening "Queen's pawn: London system"]
[ECO "A45"]
[NIC "QP.07"]
[Time "20:02:52"]
[TimeControl "180+2"]

1. d4 Nf6 2. Bf4 c5 3. e3 Qb6 4. Nc3 Qxb2 5. Nb5 Nd5 6. Rb1 Qxa2 7. Ra1 Qb2
8. Nf3 a6 9. Bc4 e6 10. O-O Be7 11. Rb1 Qxb1 12. Qxb1 axb5 13. Bxd5 exd5 14.
Qxb5 cxd4 15. exd4 Nc6 16. Qxd5 O-O 17. h3 Re8 18. Re1 Nb4 19. Qc4 d5 20.
Qxb4 Bxh3 21. Rxe7 Ra1+ 22. Kh2 Rxe7 23. Qxe7 g5 24. Bxg5 Be6 25. Bh6 Ra8
26. Qg5+ {Black resigns} 1-0

[Event "ICC tourney 2086 (3 2)"]
[Site "Internet Chess Club"]
[Date "2020.10.30"]
[Round "1"]
[White "Jeffchess"]
[Black "yogokings12"]
[Result "0-1"]
[ICCResult "White checkmated"]
[WhiteElo "1380"]
[BlackElo "1572"]
[Opening "Sicilian: closed, 2...Nc6"]
[ECO "B23"]
[NIC "SI.44"]
[Time "20:02:44"]
[TimeControl "180+2"]

1. e4 c5 2. Nc3 Nc6 3. Bb5 Nd4 4. Bc4 a6 5. Nf3 b5 6. Bd5 Rb8 7. Nxd4 cxd4
8. Ne2 e6 9. Bb3 Qg5 10. g3 Qg6 11. d3 Bc5 12. Bf4 Ra8 13. a3 Nf6 14. Qd2
Bb7 15. f3 d5 16. exd5 Nxd5 17. Bxd5 Bxd5 18. Rf1 O-O 19. O-O-O Rfe8 20. Qe1
e5 21. Bd2 Qb6 22. Bb4 Bxb4 23. Qxb4 a5 24. Qd2 b4 25. a4 b3 26. c4 dxc3 27.
Nxc3 Rac8 28. Kb1 Bb7 29. Rc1 Rcd8 30. Nb5 e4 31. fxe4 Bxe4 32. Rc3 Bc6 33.
Rxb3 Bd5 34. Rc3 Rb8 35. d4 Bc6 36. Rc5 Red8 37. Rff5 Be4+ 38. Ka1 Bxf5 39.
Rxf5 Qg6 40. Qf4 Rb7 41. d5 Rbd7 42. d6 Qe6 43. Re5 Qb3 44. Qe3 Qxe3 45.
Rxe3 Kf8 46. Rd3 f6 47. Ka2 Kf7 48. Kb3 Ke6 49. Nc7+ Rxc7 50. dxc7 Rxd3+ 51.
Kc4 Kd7 52. c8=B+ Kxc8 53. Kxd3 Kd7 54. Kc4 Kc6 55. h3 f5 56. h4 h6 57. b4
axb4 58. Kxb4 g5 59. hxg5 hxg5 60. Ka5 f4 61. Ka6 fxg3 62. a5 g2 63. Ka7
g1=Q+ 64. Ka8 Qb1 65. a6 Kc7 66. Ka7 Qb6+ 67. Ka8 Qb8# {White checkmated}
0-1

[Event "ICC tourney 2086 (3 2)"]
[Site "Internet Chess Club"]
[Date "2020.10.30"]
[Round "1"]
[White "chessw23"]
[Black "MehPlayer"]
[Result "1-0"]
[ICCResult "Black resigns"]
[WhiteElo "1645"]
[BlackElo "1602"]
[Opening "Sicilian: Alapin's variation (2.c3)"]
[ECO "B22"]
[NIC "SI.46"]
[Time "20:03:06"]
[TimeControl "180+2"]

1. e4 c5 2. c3 d5 3. exd5 Qxd5 4. d4 Nf6 5. Nf3 Nc6 6. Na3 e6 7. Nc2 cxd4 8.
Ncxd4 Nxd4 9. Nxd4 Bc5 10. Bb5+ Bd7 11. Bxd7+ Qxd7 12. O-O O-O 13. Be3 Bb6
14. Nc2 Rad8 15. Bxb6 axb6 16. Qf3 Qc6 17. Nd4 Qxf3 18. Nxf3 Rd3 19. Rfe1
Rfd8 20. Kf1 Kf8 21. Ke2 Ng4 22. h3 Nf6 23. Rad1 Rxd1 24. Rxd1 Rxd1 25. Kxd1
Ke7 26. Ke2 Kd6 27. Nd4 e5 28. Nf5+ Kd5 29. Nxg7 e4 30. Nf5 Nh5 31. Ne3+ Kc5
32. g3 Nf6 33. Nf5 b5 34. Ke3 Kc4 35. Nd6+ {Black resigns} 1-0

[Event "ICC tourney 2086 (3 2)"]
[Site "Internet Chess Club"]
[Date "2020.10.30"]
[Round "1"]
[White "Kinawa"]
[Black "drberkley"]
[Result "0-1"]
[ICCResult "White forfeits on time"]
[WhiteElo "1453"]
[BlackElo "1546"]
[Opening "Pirc: Austrian attack"]
[ECO "B09"]
[NIC "PU.06"]
[Time "20:02:47"]
[TimeControl "180+2"]

1. e4 d6 2. d4 Nf6 3. Nc3 g6 4. f4 Bg7 5. Nf3 O-O 6. h3 Na6 7. Bc4 c5 8.
Bxa6 cxd4 9. Nxd4 bxa6 10. Be3 Bb7 11. Qd3 Qa5 12. O-O Rac8 13. Rad1 Nd7 14.
a3 Nc5 15. Nb3 Nxb3 16. cxb3 Rc7 17. b4 Qh5 18. Bxa7 Rfc8 19. Bd4 Bxd4+ 20.
Qxd4 Rc4 21. Qd3 Qh4 22. Rf2 Qf6 23. Nd5 Bxd5 {White forfeits on time} 0-1

[Event "ICC tourney 2086 (3 2)"]
[Site "Internet Chess Club"]
[Date "2020.10.30"]
[Round "1"]
[White "javasri"]
[Black "blackjack721"]
[Result "1-0"]
[ICCResult "Black checkmated"]
[WhiteElo "1704"]
[BlackElo "1302"]
[Opening "Petrov three knights game"]
[ECO "C42"]
[NIC "RG.01"]
[Time "20:02:59"]
[TimeControl "180+2"]

1. e4 e5 2. Nf3 Nf6 3. Nc3 Bc5 4. Nxe5 d5 5. d4 Bb4 6. exd5 Qxd5 7. Be3 O-O
8. Qd2 Bf5 9. Nxd5 Bxd2+ 10. Bxd2 Nxd5 11. O-O-O a6 12. Bc4 c6 13. Rhe1 b5
14. Bd3 Be6 15. h3 a5 16. Kb1 Nb4 17. a3 Nxd3 18. Nxd3 b4 19. axb4 axb4 20.
Bxb4 Rd8 21. Nc5 Ba2+ 22. Kc1 Rd5 23. b3 Na6 24. Nxa6 Rb5 25. Re5 f6 26.
Rxb5 cxb5 27. Nc5 Kf7 28. Kb2 Kg6 29. Ra1 Kf5 30. Rxa2 Re8 31. Nd3 Ke4 32.
Bc5 g5 33. Ra1 Kf5 34. Re1 Rb8 35. d5 h5 36. d6 Rd8 37. Re7 g4 38. Bb6 Rxd6
39. Bc5 Rd5 40. b4 gxh3 41. gxh3 Kg5 42. Be3+ Kh4 43. Re4+ Kxh3 44. Nf4+ Kh2
45. Nxd5 h4 46. Nxf6 h3 47. Ng4+ Kg2 48. Re5 h2 49. Nxh2 Kxh2 50. Rg5 Kh3
51. f4 Kh4 52. f5 Kh3 53. f6 Kh2 54. f7 Kh1 55. f8=Q Kh2 56. Qh8#
{Black checkmated}
1-0

[Event "ICC tourney 2086 (3 2)"]
[Site "Internet Chess Club"]
[Date "2020.10.30"]
[Round "1"]
[White "msuarez"]
[Black "Tombstone"]
[Result "0-1"]
[ICCResult "White resigns"]
[WhiteElo "1303"]
[BlackElo "1669"]
[Opening "Sicilian: Grand Prix attack"]
[ECO "B21"]
[NIC "SI.48"]
[Time "20:02:51"]
[TimeControl "180+2"]

1. e4 c5 2. f4 d6 3. Nf3 Nf6 4. d3 g6 5. Be2 Bg7 6. Nc3 O-O 7. Rb1 Nc6 8.
O-O a6 9. Kh1 b5 10. Be3 Bb7 11. Nd5 Nxd5 12. exd5 Nb8 13. c4 Nd7 14. b3 b4
15. Qc1 e6 16. dxe6 fxe6 17. Ng5 Qe7 18. Bf3 Bxf3 19. Rxf3 e5 20. Qd2 exf4
21. Bxf4 Ne5 22. Rf2 Qd7 23. Ne4 Rf7 24. Rbf1 Raf8 25. h3 h6 26. Bxh6 Rxf2
27. Rxf2 Rxf2 28. Nxf2 Bxh6 29. Qxh6 Qf5 30. Qe3 Kg7 31. Kg1 a5 32. Qe4 Qf6
33. Qb7+ Nf7 34. Ne4 Qd4+ 35. Kh2 Qe5+ 36. Ng3 Qd4 37. Qe4 Qb2 38. Qe2 Qd4
39. Ne4 Ne5 40. Qf2 Nxd3 41. Qxd4+ cxd4 42. Nxd6 Nc5 43. Nb5 d3 44. Nd4 d2
45. Nf3 d1=Q {White resigns} 0-1

[Event "ICC tourney 2086 (3 2)"]
[Site "Internet Chess Club"]
[Date "2020.10.30"]
[Round "1"]
[White "ama2024"]
[Black "garfield92037"]
[Result "0-1"]
[ICCResult "White forfeits on time"]
[WhiteElo "1277"]
[BlackElo "1399"]
[Opening "Queen's pawn, Mason variation"]
[ECO "D00"]
[NIC "QP.08"]
[Time "20:03:37"]
[TimeControl "180+2"]

1. d4 d5 2. Bf4 e6 3. e3 Bd6 4. Bg3 Nf6 5. Nf3 O-O 6. Bd3 Re8 7. Ne5 Nbd7 8.
Nd2 Nb6 9. O-O c5 10. c3 c4 11. Bc2 Rf8 12. Re1 Qe7 13. Nf1 Bd7 14. f4 Ne8
15. Qh5 g6 16. Qh6 Ng7 17. Bh4 f6 18. Kh1 Nf5 19. Bxf5 exf5 20. Ng3 Qg7 21.
Qxg7+ Kxg7 22. Nxd7 Nxd7 23. Ne2 Rfe8 24. Ng1 Re7 25. Nf3 Rae8
{White forfeits on time}
0-1

[Event "ICC tourney 2086 (3 2)"]
[Site "Internet Chess Club"]
[Date "2020.10.30"]
[Round "1"]
[White "mangomaster"]
[Black "lucachesschess"]
[Result "1-0"]
[ICCResult "Black checkmated"]
[WhiteElo "1520"]
[BlackElo "1393"]
[Opening "Trompowsky attack (Ruth, Opocenský opening)"]
[ECO "A45"]
[NIC "QP.07"]
[Time "20:02:48"]
[TimeControl "180+2"]

1. d4 Nf6 2. Bg5 Ne4 3. Bf4 c5 4. f3 Nf6 5. e4 cxd4 6. Qxd4 Nc6 7. Qd1 e5 8.
Bg5 Bc5 9. Nc3 d6 10. Nd5 Be6 11. Bxf6 gxf6 12. c4 Bxd5 13. cxd5 Qa5+ 14.
Ke2 Nd4+ 15. Kd3 Qb5+ 16. Kd2 Bb4+ 17. Ke3 Qb6 18. Kd3 Rc8 19. Rc1 Rxc1 20.
Qxc1 Kd7 21. Ne2 Rc8 22. Nc3 Qa6+ 23. Ke3 Qa5 24. Bd3 Bxc3 25. bxc3 Qxa2 26.
Qb1 Qxb1 27. Rxb1 b6 28. cxd4 exd4+ 29. Kxd4 Ke7 30. Rb2 Rc7 31. Rc2 Rxc2
32. Bxc2 Kd7 33. Kc4 Kc7 34. Kb5 Kb7 35. Bb3 a6+ 36. Kb4 Kc7 37. f4 Kd7 38.
g4 h6 39. Bc4 a5+ 40. Ka4 Kc7 41. h4 Kb7 42. g5 fxg5 43. fxg5 hxg5 44. hxg5
Kc7 45. Be2 Kb7 46. Bh5 Kc7 47. Bxf7 Kb7 48. g6 Kc7 49. g7 Kb7 50. g8=Q Ka6
51. Qa8# {Black checkmated} 1-0

[Event "ICC tourney 2086 (3 2)"]
[Site "Internet Chess Club"]
[Date "2020.10.30"]
[Round "1"]
[White "Ani97829"]
[Black "chessrex"]
[Result "0-1"]
[ICCResult "White checkmated"]
[WhiteElo "1418"]
[BlackElo "1853"]
[Opening "Queen's pawn: Charlick (Englund) gambit"]
[ECO "A40"]
[NIC "QO.17"]
[Time "20:02:46"]
[TimeControl "180+2"]

1. d4 e5 2. dxe5 Nc6 3. Nf3 Nge7 4. Bf4 Ng6 5. Bg3 Qe7 6. Nbd2 Ncxe5 7. Nxe5
Nxe5 8. e3 d6 9. Be2 g6 10. O-O Bg7 11. c3 O-O 12. h3 Nc6 13. Nf3 Ne5 14.
Qb3 Qe6 15. Qxe6 Bxe6 16. Nd4 Bd7 17. Rfd1 Nc6 18. Bf3 Nxd4 19. cxd4 Rab8
20. Rac1 Rfc8 21. a3 Bf8 22. Rd2 c6 23. b4 Ra8 24. Rdc2 d5 25. Bh2 a5 26.
Rb2 axb4 27. axb4 Ra4 28. b5 Ba3 29. Ra2 cxb5 30. Rxc8+ Bxc8 31. Bxd5 b4 32.
Bd6 Be6 33. Bxe6 fxe6 34. Bxb4 Rxb4 35. Rxa3 Kf7 36. Ra7 Kf6 37. Kf1 Rb2 38.
g3 h5 39. Kg2 b5 40. Rb7 b4 41. g4 hxg4 42. hxg4 b3 43. Kg3 Rb1 44. Kf3 Kg5
45. Rb5+ Kf6 46. Rb6 Ke7 47. Rb7+ Kd6 48. Rb6+ Kd5 49. Rb5+ Kc4 50. Rc5+ Kd3
51. d5 exd5 52. Rxd5+ Kc2 53. e4 b2 54. Rc5+ Kd2 55. Rd5+ Kc3 56. e5 Re1 57.
Rc5+ Kb4 58. Rc8 b1=Q 59. Rb8+ Kc5 60. Rxb1 Rxb1 61. Kf4 Kd5 62. Kg5 Kxe5
63. Kxg6 Rf1 64. Kh6 Rxf2 65. g5 Ke6 66. g6 Kf6 67. Kh7 Rh2+ 68. Kg8 Kxg6
69. Kf8 Re2 70. Kg8 Re8# {White checkmated} 0-1

[Event "ICC tourney 2086 (3 2)"]
[Site "Internet Chess Club"]
[Date "2020.10.30"]
[Round "1"]
[White "stephenwilly"]
[Black "Priccchess"]
[Result "0-1"]
[ICCResult "White checkmated"]
[WhiteElo "1524"]
[BlackElo "1501"]
[Opening "Philidor's defense"]
[ECO "C41"]
[NIC "KP.10"]
[Time "20:02:42"]
[TimeControl "180+2"]

1. e4 e5 2. Nf3 d6 3. Bc4 Be7 4. Nc3 Nf6 5. d4 exd4 6. Nxd4 O-O 7. Be3 a6 8.
O-O b5 9. Be2 c5 10. Nf3 Bb7 11. a3 Nxe4 12. Nxe4 Bxe4 13. Bd3 Bxd3 14. Qxd3
Nc6 15. Rad1 Qc7 16. Rfe1 Rad8 17. Bg5 Rfe8 18. Bxe7 Rxe7 19. Ng5 g6 20. Qh3
Rxe1+ 21. Rxe1 h5 22. g4 Qd7 23. Re4 Ne5 24. f3 Re8 25. gxh5 Qxh3 26. Nxh3
Nxf3+ 27. Kf2 Rxe4 28. Kxf3 Re5 29. hxg6 fxg6 30. Nf4 Kg7 31. h4 Kf6 32. Nd3
Re7 33. Nf4 Re5 34. Nd3 Rf5+ 35. Kg4 a5 36. Nf4 Re5 37. Kf3 Kf5 38. Nd3 Re4
39. Kg3 c4 40. Nc1 Re1 41. Na2 Re2 42. Nc3 Rxc2 43. Nxb5 Rxb2 44. Nxd6+ Kf6
45. Nxc4 Rb3+ 46. Kg2 a4 47. Kh2 Kf5 48. Kg2 Kg4 49. Ne5+ Kf5 50. Nc4 Rc3
51. Nd6+ Kf4 52. Nb5 Rb3 53. Nd4 Rxa3 54. Ne6+ Ke5 55. Nf8 Kf6 56. Nh7+ Kg7
57. Ng5 Rb3 58. Ne6+ Kg8 59. Nc5 Rb4 60. Kg3 a3 61. Nd3 Rb3 62. Kg4 Rxd3 63.
Kg5 a2 64. Kxg6 a1=Q 65. h5 Qg7+ 66. Kf5 Rd5+ 67. Kf4 Qe5+ 68. Kg4 Rd4+ 69.
Kf3 Rf4+ 70. Kg3 Qg5+ 71. Kh3 Rh4# {White checkmated} 0-1

[Event "ICC tourney 2086 (3 2)"]
[Site "Internet Chess Club"]
[Date "2020.10.30"]
[Round "1"]
[White "ChessItUpIowa"]
[Black "Jett503"]
[Result "1-0"]
[ICCResult "Black checkmated"]
[WhiteElo "1470"]
[BlackElo "1229"]
[Opening "Queen's pawn, Mason variation"]
[ECO "D00"]
[NIC "QP.08"]
[Time "20:02:52"]
[TimeControl "180+2"]

1. d4 d5 2. Bf4 e6 3. Nf3 Nc6 4. c3 Nf6 5. Nbd2 Be7 6. e3 O-O 7. h3 a6 8.
Bd3 b5 9. O-O Bb7 10. Ne5 Nxe5 11. dxe5 Nd7 12. Qh5 g6 13. Qh6 f5 14. Nf3
Rf7 15. Ng5 Bxg5 16. Bxg5 Qf8 17. f4 Qc5 18. Rf3 Qf8 19. Qh4 d4 20. exd4
Bxf3 21. gxf3 c5 22. dxc5 Nxc5 23. Bc2 Rd7 24. b4 Na4 25. Bb3 Re8 26. Bh6
Qe7 27. Bg5 Qf7 28. c4 Nb6 29. c5 Nc4 30. Bxc4 bxc4 31. Rc1 Rd3 32. Qf2 Qd7
33. Bf6 Qd4 34. c6 Qxf2+ 35. Kxf2 Rc8 36. Rxc4 Ra3 37. Rc2 Ra4 38. Be7 Kf7
39. Bd6 Ke8 40. Kg3 h5 41. Kh4 Kf7 42. Kg5 a5 43. b5 Ra3 44. Rf2 Ke8 45. c7
Kd7 46. Kxg6 Rc3 47. Kxh5 Rh8+ 48. Kg6 Rxh3 49. b6 Rg3+ 50. Kf6 Rg8 51. b7
Rxc7 52. Bxc7 Kxc7 53. Rb2 Rb8 54. Kxe6 Re8+ 55. Kxf5 Rf8+ 56. Ke4 Rb8 57.
f5 Kd7 58. f4 Ke7 59. a4 Kf7 60. f6 Ke6 61. Rb6+ Kf7 62. e6+ Kxf6 63. f5 Ke7
64. Ke5 Ke8 65. f6 Kf8 66. Rc6 Rxb7 67. Rc8# {Black checkmated} 1-0

[Event "ICC tourney 2086 (3 2)"]
[Site "Internet Chess Club"]
[Date "2020.10.30"]
[Round "2"]
[White "oxdidi"]
[Black "Purushottam123"]
[Result "0-1"]
[ICCResult "White resigns"]
[WhiteElo "1102"]
[BlackElo "1344"]
[Opening "Sicilian defense"]
[ECO "B40"]
[NIC "SI.43"]
[Time "20:14:53"]
[TimeControl "180+2"]

1. e4 c5 2. Nf3 e6 3. Bc4 Nc6 4. O-O d5 5. exd5 exd5 6. Re1+ Be7 7. Be2 Nf6
8. Nc3 d4 9. Nb1 O-O 10. h3 Bf5 11. c3 Re8 12. cxd4 cxd4 13. d3 Bb4 14. Bd2
Qb6 15. Bxb4 Qxb4 16. Qc2 Rac8 17. a3 Qb6 18. Nbd2 Nb4 19. Qb3 Nc2 20. Qxb6
axb6 21. Rec1 Nxa1 22. Rxa1 Rxe2 23. g4 Bxd3 {White resigns} 0-1

[Event "ICC tourney 2086 (3 2)"]
[Site "Internet Chess Club"]
[Date "2020.10.30"]
[Round "2"]
[White "Priccchess"]
[Black "saisiva765"]
[Result "0-1"]
[ICCResult "White resigns"]
[WhiteElo "1494"]
[BlackElo "1735"]
[Opening "French defense"]
[ECO "C00"]
[NIC "FR.01"]
[Time "20:14:47"]
[TimeControl "180+2"]

1. e4 e6 2. Nf3 d5 3. exd5 exd5 4. d4 Bg4 5. Bd3 Bd6 6. O-O Nc6 7. c3 Nge7
8. h3 Bh5 9. Be3 Qd7 10. Nbd2 O-O-O 11. a4 Kb8 12. b4 Ng6 13. a5 Nce7 14.
Qb3 Nf4 15. Bxf4 Bxf4 16. Rfe1 Bg6 17. Bf1 Nf5 18. b5 Rhe8 19. Ne5 Bxe5 20.
dxe5 Re6 21. f4 f6 22. exf6 gxf6 23. Nf3 Rxe1 24. Rxe1 Qd6 25. Qa4 Qc5+ 26.
Kh2 Qf2 27. Qd1 Bh5 28. Qxd5 Rxd5 29. Re8+ Bxe8 {White resigns} 0-1

[Event "ICC tourney 2086 (3 2)"]
[Site "Internet Chess Club"]
[Date "2020.10.30"]
[Round "2"]
[White "blackjack721"]
[Black "Jeffchess"]
[Result "0-1"]
[ICCResult "White checkmated"]
[WhiteElo "1290"]
[BlackElo "1392"]
[Opening "Caro-Kann defense"]
[ECO "B12"]
[NIC "CK.01"]
[Time "20:14:51"]
[TimeControl "180+2"]

1. e4 c6 2. d4 e6 3. Nc3 d5 4. e5 Bb4 5. Qg4 g6 6. Ne2 h5 7. Qg3 Nh6 8. Bg5
Nf5 9. Qf4 Qb6 10. a3 Bxc3+ 11. bxc3 Qb2 12. Rc1 Qxa3 13. Bf6 Rg8 14. g3 Nd7
15. Bh3 Nxf6 16. exf6 g5 17. Qc7 g4 18. Bg2 Qd6 19. Qa5 b6 20. Qa2 a5 21.
O-O Ba6 22. Rfe1 Bc4 23. Qb2 b5 24. Nf4 a4 25. Nxh5 a3 26. Qb4 Qxb4 27. cxb4
a2 28. Ra1 Nxd4 29. Ng7+ Kd7 30. c3 Nc2 31. Rec1 Bd3 32. Rxc2 Bxc2 33. h3
gxh3 34. Bxh3 Bb1 35. Bg2 Rxg7 36. fxg7 Rg8 37. Kf1 Rxg7 38. Ke2 Rg4 39. Kd2
Rc4 40. f4 d4 41. cxd4 Rxd4+ 42. Ke3 Rxb4 43. g4 c5 44. f5 exf5 45. gxf5 c4
46. Bd5 c3 47. Bxa2 c2 48. Bxf7 c1=Q+ 49. Kf3 Qc3+ 50. Kf2 Rf4+ 51. Kg2 Qf3+
52. Kg1 Rg4+ 53. Kh2 Qf4+ 54. Kh3 Bxf5 55. Ra7+ Kc6 56. Ra6+ Kc5 57. Bh5
Rg3+ 58. Kh2 Rh3+ 59. Kg2 Qg3+ 60. Kf1 Bd3+ 61. Be2 Rh1# {White checkmated}
0-1

[Event "ICC tourney 2086 (3 2)"]
[Site "Internet Chess Club"]
[Date "2020.10.30"]
[Round "2"]
[White "yogokings12"]
[Black "javasri"]
[Result "1/2-1/2"]
[ICCResult "Game drawn by mutual agreement"]
[WhiteElo "1578"]
[BlackElo "1698"]
[Opening "French: Winawer, advance variation"]
[ECO "C16"]
[NIC "FR.09"]
[Time "20:15:00"]
[TimeControl "180+2"]

1. e4 e6 2. d4 d5 3. Nc3 Bb4 4. e5 Ne7 5. Qg4 Kf8 6. Nf3 c5 7. a3 Bxc3+ 8.
bxc3 Nbc6 9. Bd2 Qa5 10. h4 c4 11. h5 h6 12. Nh4 Nf5 13. Qf3 Nce7 14. g4
Nxh4 15. Rxh4 Qa4 16. Qd1 Bd7 17. f4 a6 18. Qb1 b5 19. Be2 Kg8 20. Bd1 Kh7
21. Qb4 Qxb4 22. cxb4 Nc6 23. c3 a5 24. Rb1 axb4 25. axb4 Ra3 26. Bc2+ Kg8
27. g5 Ne7 28. Rh1 Ra2 29. Rc1 hxg5 30. fxg5 g6 31. h6 Kh7 32. Bb1 Ra3 33.
Rf1 Nf5 34. Bxf5 gxf5 35. Ke2 Kg6 36. Ra1 Rha8 37. Rxa3 Rxa3 38. Rh1 Kh7 39.
Ke3 Be8 40. Kf4 Ra2 41. Rh2 Bd7 42. Rf2 Kg6 43. Be3 Rxf2+ 44. Bxf2 Be8 45.
Be3 Bd7 46. Kg3 Be8 47. Kh4 Bd7 48. Bf4 Be8 49. Bc1 Bd7 50. Bf4 Be8 51. Bc1
Bd7 {Game drawn by mutual agreement} 1/2-1/2

[Event "ICC tourney 2086 (3 2)"]
[Site "Internet Chess Club"]
[Date "2020.10.30"]
[Round "2"]
[White "MehPlayer"]
[Black "ama2024"]
[Result "1-0"]
[ICCResult "Black forfeits on time"]
[WhiteElo "1605"]
[BlackElo "1261"]
[Opening "Queen's pawn, Mason variation"]
[ECO "D00"]
[NIC "QP.08"]
[Time "20:14:42"]
[TimeControl "180+2"]

1. d4 d5 2. Bf4 Nf6 3. e3 Bf5 4. Bd3 Bg6 5. Nd2 e6 6. Ngf3 c5 7. Ne5 Bxd3 8.
cxd3 Qb6 9. dxc5 Bxc5 10. d4 Bb4 11. a3 Bd6 12. b4 Nc6 13. O-O Nh5 14. Qxh5
Nxe5 15. dxe5 Be7 16. Rac1 O-O 17. Nf3 Rac8 18. Nd4 Rc7 19. Bg5 Bxg5 20.
Qxg5 Rfc8 21. Rxc7 Qxc7 22. Nb5 Qd7 23. Nd6 h6 24. Qf4 Rc7 25. e4 dxe4 26.
Qxe4 f6 27. f4 {Black forfeits on time} 1-0

[Event "ICC tourney 2086 (3 2)"]
[Site "Internet Chess Club"]
[Date "2020.10.30"]
[Round "2"]
[White "Sherlockm7"]
[Black "Kinawa"]
[Result "1-0"]
[ICCResult "Black forfeits on time"]
[WhiteElo "1426"]
[BlackElo "1450"]
[Opening "Budapest: Adler variation"]
[ECO "A52"]
[NIC "QG.01"]
[Time "20:14:40"]
[TimeControl "180+2"]

1. d4 Nf6 2. c4 e5 3. dxe5 Ng4 4. Nf3 Bc5 5. e3 Nc6 6. Nc3 Ngxe5 7. Nxe5
Nxe5 8. Qd5 Qe7 9. Bd2 O-O 10. Be2 d6 11. O-O Rb8 12. Qe4 Re8 13. Qf4 Be6
14. Nd5 Bxd5 15. cxd5 Ng6 16. Qg3 Qe5 17. Qxe5 Nxe5 18. Bc3 a6 19. Rfd1 Re7
20. Rac1 Rbe8 21. Bd4 Nd7 22. Rd2 Bxd4 23. Rxd4 Nc5 24. Rh4
{Black forfeits on time}
1-0

[Event "ICC tourney 2086 (3 2)"]
[Site "Internet Chess Club"]
[Date "2020.10.30"]
[Round "2"]
[White "atjn494"]
[Black "stephenwilly"]
[Result "0-1"]
[ICCResult "White checkmated"]
[WhiteElo "1313"]
[BlackElo "1525"]
[Opening "Queen's pawn"]
[ECO "A40"]
[NIC "QO.17"]
[Time "20:14:40"]
[TimeControl "180+2"]

1. d4 e6 2. Bf4 c5 3. e3 h5 4. h3 Nf6 5. Nf3 d5 6. c3 Bd6 7. Bd3 Bxf4 8.
exf4 c4 9. Bc2 Qc7 10. Qd2 Nc6 11. O-O Bd7 12. Ne5 Nxe5 13. fxe5 Ng8 14. f4
Ne7 15. Qf2 a6 16. Nd2 f6 17. f5 exf5 18. exf6 gxf6 19. Rae1 Rh7 20. Bxf5
Bxf5 21. Qxf5 Rh6 22. Qxd5 Rd8 23. Qe6 Rg6 24. Rxf6 Rxf6 25. Qxf6 Rd6 26.
Qh8+ Kd7 27. Qxh5 Qc6 28. Qf7 Re6 29. Qxe6+ Qxe6 30. Rxe6 Kxe6 31. Nxc4 Nd5
32. Kf2 Nf4 33. Kf3 Nd3 34. b3 b5 35. Ne3 Nc1 36. h4 Nxa2 37. c4 Nc3 38.
cxb5 Nxb5 39. d5+ Ke5 40. h5 Nd4+ 41. Kf2 Nxb3 42. h6 Kf6 43. d6 Nc5 44. g4
Ne4+ 45. Kf3 Nxd6 46. g5+ Kg6 47. Ng4 Nf7 48. Kf4 Nxg5 49. Ne5+ Kxh6 50. Nc4
Ne6+ 51. Ke4 Nc5+ 52. Kd4 Nb3+ 53. Kc3 Nc5 54. Kb4 Nb7 55. Na5 Nd6 56. Nb7
Nxb7 57. Ka4 Kg6 58. Kb4 Kf6 59. Ka3 Ke5 60. Ka2 Kd4 61. Ka1 Kc3 62. Kb1 Kb3
63. Ka1 Nc5 64. Kb1 a5 65. Ka1 a4 66. Kb1 a3 67. Ka1 Na6 68. Kb1 Nb4 69. Ka1
Nc2+ 70. Kb1 a2+ 71. Kc1 a1=Q+ 72. Kd2 Qd4+ 73. Kc1 Qc3 74. Kd1 Qe1#
{White checkmated}
0-1

[Event "ICC tourney 2086 (3 2)"]
[Site "Internet Chess Club"]
[Date "2020.10.30"]
[Round "2"]
[White "chessrex"]
[Black "PearsonH"]
[Result "1-0"]
[ICCResult "Black forfeits on time"]
[WhiteElo "1856"]
[BlackElo "1448"]
[Opening "French defense"]
[ECO "C11"]
[NIC "FR.04"]
[Time "20:15:35"]
[TimeControl "180+2"]

1. d4 e6 2. e4 d5 3. Nc3 Nf6 4. a3 Nxe4 5. Nxe4 dxe4 6. f3 exf3 7. Nxf3 c5
8. c3 Nc6 9. Bb5 cxd4 10. Bxc6+ bxc6 11. cxd4 Bb7 12. O-O Bd6 13. Ng5 O-O
14. Qh5 h6 15. Nxf7 Qe8 16. Nxh6+ gxh6 17. Qg4+ Kh7 18. Rxf8 Bxf8 19. Be3
Qg6 20. Qh4 c5 21. g3 cxd4 22. Bxd4 Qe4 23. Qxe4+ Bxe4 24. Rf1 a6 25. Rf7+
Kg8 26. Rc7 Bd5 27. h4 Re8 28. g4 Re7 29. Rc8 Kf7 30. Bc5 Re8 31. Rc7+ Be7
32. Ra7 Bc4 33. Be3 Kg7 34. Bc5 Kf8 35. Be3 Bxh4 36. Bxh6+ Kg8 37. Rg7+ Kh8
38. Rc7 Re7 39. Rxc4 Kh7 40. Be3 Kg6 41. Bf2 Bxf2+ 42. Kxf2 e5 43. Ke3 Kg5
44. Re4 Kf6 45. b4 Kg5 46. a4 Kf6 47. b5 axb5 48. axb5 Rb7 49. Rb4 Kg5 50.
Ke4 Kf6 51. g5+ Kxg5 52. Kxe5 Kg6 53. Kd6 Kf7 54. Kc6 Rb8 55. b6 Ke8 56. Kc7
{Black forfeits on time}
1-0

[Event "ICC tourney 2086 (3 2)"]
[Site "Internet Chess Club"]
[Date "2020.10.30"]
[Round "2"]
[White "Tombstone"]
[Black "ChessItUpIowa"]
[Result "0-1"]
[ICCResult "White checkmated"]
[WhiteElo "1666"]
[BlackElo "1620"]
[Opening "King's Indian: fianchetto, classical variation, 8.e4"]
[ECO "E68"]
[NIC "KI.64"]
[Time "20:14:41"]
[TimeControl "180+2"]

1. d4 g6 2. c4 Bg7 3. g3 Nf6 4. Bg2 d6 5. Nf3 O-O 6. O-O Nbd7 7. Nc3 e5 8.
e4 Ne8 9. Bg5 f6 10. Be3 h6 11. Nh4 Kh7 12. Qg4 g5 13. Nf5 Nb6 14. b3 Be6
15. f4 Bf7 16. fxg5 fxg5 17. h4 gxh4 18. gxh4 Rg8 19. Qe2 Bg6 20. h5 Bxf5
21. Rxf5 exd4 22. Bxh6 Bxh6 23. Rf7+ Rg7 24. Rxg7+ Nxg7 25. Nd5 Nxd5 26.
exd5 Qg5 27. Qd3+ Kh8 28. Qxd4 Rg8 29. Re1 Qg3 30. Re7 Bf4 31. Re6 Qh2+ 32.
Kf1 Rf8 33. Rf6 Rxf6 34. Qxf6 Be5 35. Qf8+ Kh7 36. Be4+ Kh6 37. Qh8+ Kg5 38.
Qd8+ Bf6 39. Qxc7 Qf4+ 40. Kg1 Qxe4 41. Qxd6 Bd4+ 42. Kh2 Be5+ 43. Qxe5+
Qxe5+ 44. Kh3 Qe3+ 45. Kg2 Nxh5 46. d6 Qg3+ 47. Kh1 Nf4 48. d7 Qg2#
{White checkmated}
0-1

[Event "ICC tourney 2086 (3 2)"]
[Site "Internet Chess Club"]
[Date "2020.10.30"]
[Round "2"]
[White "Jett503"]
[Black "Ani97829"]
[Result "1-0"]
[ICCResult "Black forfeits on time"]
[WhiteElo "1243"]
[BlackElo "1290"]
[Opening "Sicilian"]
[ECO "B50"]
[NIC "SI.01"]
[Time "20:14:42"]
[TimeControl "180+2"]

1. e4 c5 2. Nf3 d6 3. Nc3 Nf6 4. Be2 a6 5. O-O Nc6 6. d3 Bd7 7. a3 e6 8. b3
Be7 9. Bb2 h6 10. d4 cxd4 11. Nxd4 e5 12. Nf5 Bxf5 13. exf5 Nd4 14. Bd3 O-O
15. Ne2 Nc6 16. f4 e4 17. Bc4 d5 18. Bxd5 Nxd5 19. Qe1 Ne3 20. Qc3 Nxf5 21.
Rad1 Qb6+ 22. Kh1 Bf6 23. Qh3 Bxb2 24. Qxf5 Bf6 25. Qxe4 Rfe8 26. Qf3 Rad8
27. Rb1 Bd4 28. Ng3 Re3 29. Qg4 Bf6 30. Nh5 Re6 31. f5 Red6 32. Rbe1 Qd4 33.
Qf3 Qd5 34. Qg3 Qd4 35. Nf4 Bg5 36. Ne2 Qd5 37. f6 Bxf6 38. Nf4 Qg5 39. Qf3
R6d7 40. Nh3 Qd5 41. Qg4 Qg5 42. Nxg5 Bxg5 43. Qf3 Rd2 44. Rd1 Rxd1 45. Rxd1
Rxd1+ 46. Qxd1 Kh7 47. Qd3+ g6 48. g3 Kg7 49. h4 Ne5 50. Qd4 Bf6 51. Qe4 Nd7
52. Qxb7 {Black forfeits on time} 1-0